 Dungeon Crawl Stone Soup version 0.28-a0-1395-g4f6bc678fa (webtiles) character file.

Game seed: 11424364486855349381

93 bande the Covered (level 4, -1/29 HPs)
             Began as a Gargoyle Fighter on Jan 5, 2022.
             Slain by a scorpion (8 damage)
             ... on level 2 of the Dungeon.
             The game lasted 00:03:07 (1426 turns).

bande the Covered (Gargoyle Fighter)                Turns: 1426, Time: 00:03:08

Health: -1/29      AC: 10    Str: 20    XL:     4   Next: 62%
Magic:  4/4        EV:  9    Int:  8    God:
Gold:   73         SH:  4    Dex: 11    Spells: 3/3 levels left

rFire   . . .      SeeInvis .   a - +0 war axe
rCold   . . .      Faith    .   c - +0 buckler
rNeg    + . .      Spirit   .   b - +0 scale mail
rPois   ∞          Reflect  .   (no helmet)
rElec   +          Harm     .   (no cloak)
rCorr   .          Rampage  .   (no gloves)
Will    .....                   (no boots)
Stlth   ..........              (no amulet)
HPRegen 0.09/turn               (no ring)
MPRegen 0.09/turn               (no ring)

@: no status effects
A: sickness immunity, AC +3, negative energy resistance 1, electricity
resistance, torment resistance 1, petrification resistance
a: no special abilities


You were on level 2 of the Dungeon.
You visited 1 branch of the dungeon, and saw 2 of its levels.

You collected 73 gold pieces.

Inventory:

Hand Weapons
 a - a +0 war axe (weapon)
Missiles
 h - a throwing net (quivered)
Armour
 b - a +0 scale mail (worn)
 c - a +0 buckler (worn)
 g - an orb of mayhem
Potions
 d - a potion of might
 i - a potion of attraction {unknown}


   Skills:
 + Level 3.8 Fighting
 + Level 3.2 Axes
 + Level 4.0 Armour
 + Level 3.6 Shields


You had 3 spell levels left.
You didn't know any spells.
Your spell library was empty.

Dungeon Overview and Level Annotations

Branches:
Dungeon (2/15)

Altars:


Innate Abilities, Weirdness & Mutations

You are immune to sickness and miasma.
Your stone body is resilient. (AC +3)
You are immune to poison.
You resist negative energy. (rN+)
You are resistant to electric shocks. (rElec)
You are resistant to unholy torment.
You are immune to petrification.


Message History

No target in view!
No target in view!
No target in view!
No target in view!
The withered plant crumbles away.
You see here a quokka corpse.
A scorpion comes into view.
A scorpion is nearby!
Found a dagger.
The scorpion stings you but does no damage.
The scorpion stings you!
You barely miss the scorpion. The scorpion closely misses you.
You closely miss the scorpion. You block the scorpion's attack.
The scorpion stings you.
You hit the scorpion but do no damage.
The scorpion stings you but does no damage.
You hit the scorpion.
The scorpion is lightly wounded.
The scorpion stings you but does no damage.
The scorpion stings you.
You closely miss the scorpion.
The scorpion is lightly wounded.
The scorpion stings you. x2
You are too injured to fight recklessly!
You are too injured to fight recklessly!
You are too injured to fight recklessly!
You are too injured to fight recklessly!
You are too injured to fight recklessly!
You are too injured to fight recklessly!
You are too injured to fight recklessly!
You are too injured to fight recklessly!
You are too injured to fight recklessly!
You hit the scorpion.
The scorpion is lightly wounded.
The scorpion stings you.
* * * LOW HITPOINT WARNING * * *
You slash the scorpion!
The scorpion is heavily wounded.
The scorpion stings you!
You die...

#...§.## #.P..P..#
#...### #.......# #<..#
######### #...# .)..
###...# ... ..#...# ..
..#...# ######.# ..##..#
#..?.s.####.. ..###.#
#....@....... ..# #.#
#............
..###.######............
.....>......^...........
#####.#####..P..........
#.#####+..†.#+####..
#.##....8.P.....# .
##.##............#
+...'..............


You could see a scorpion.

Vanquished Creatures
  4 adders (D:2)
  An adder zombie (D:2)
  2 adder skeletons (D:2)
  A worm (D:2)
  A bat zombie (D:2)
  2 endoplasms (D:1)
  A giant cockroach (D:1)
  5 goblins (D:1)
  7 hobgoblins
  2 jackals (D:1)
  A quokka (D:2)
  3 ball pythons (D:2)
  4 bats
  A frilled lizard (D:2)
  4 kobolds
  A quokka skeleton (D:2)
  5 rats (D:1)
45 creatures vanquished.

Vanquished Creatures (others)
  3 withered plants (D:2)
3 creatures vanquished.

Grand Total: 48 creatures vanquished

Notes
Turn   | Place    | Note
-------+----------+-------------------------------------------
     0 | D:1      | bande the Gargoyle Fighter began the quest for the Orb.
     0 | D:1      | Reached XP level 1. HP: 14/14 MP: 1/1
   207 | D:1      | Reached XP level 2. HP: 17/19 MP: 2/2
   541 | D:1      | Reached XP level 3. HP: 20/24 MP: 3/3
  1065 | D:2      | Reached XP level 4. HP: 24/29 MP: 4/4
  1124 | D:2      | Found a faded altar of an unknown god.
  1321 | D:2      | Reached skill level 4 in Armour
  1416 | D:2      | Noticed a scorpion
  1426 | D:2      | Slain by a scorpion

Illustrated notes

Levels and vault maps discovered:
D:1:      dpeg_arrival_orchard, layout_loops_cross, lemuel_old_faithful
D:2:      layout_basic, nicolae_ecumenical_snake_handling, serial_undead,
          serial_undead_f, serial_undead_d, serial_undead_b, serial_undead_c,
          serial_undead_e, serial_undead_f, serial_undead_b,
          grunt_decor_one_mirror, minmay_hedge_maze

Skill      XL: |  1  2  3  4 |
---------------+-------------+-----
Axes           | 2 3 |  3.2
Armour         | 4 |  4.0
Fighting       | |  3.8
Shields        | |  3.6

Action                   |  1- 3 |  4- 6 || total
-------------------------+-------+-------++-------
Melee: War axe           |   104 |    49 ||   153
  Use: Scroll            |       |     2 ||     2
Armor: Scale mail        |    49 |    25 ||    74
Dodge: Dodged            |    57 |    22 ||    79
Block: Buckler           |    27 |    10 ||    37

Table legend: (Time is in decaauts)
 A = Elapsed time spent in this place.
 B = Non-inter-level travel time spent in this place.
 C = Inter-level travel time spent in this place.
 D = Time resting spent in this place.
 E = Time spent auto-exploring this place.
 F = Levels seen in this place.
 G = Mean time per level.
                   A        B        C        D        E       F      G
               +--------+--------+--------+--------+--------+-----+--------+
         Total |   1487 |   1437 |     50 |      0 |   1041 |   2 |  743.5 |
       Dungeon |   1487 |   1437 |     50 |      0 |   1041 |   2 |  743.5 |
               +--------+--------+--------+--------+--------+-----+--------+

Top non-repeatable levels by time:
     D:1: 910 daAuts
     D:2: 576 daAuts
